Coyotes vs Sabres
(R1)
Created - 23 octobre 2013 at 23:28
Goals
|
| Coyotes |
0 |
5 |
0 |
5 |
| Sabres |
0 |
1 |
0 |
1 |
|
Shots
|
| Coyotes |
9 |
13 |
9 |
31 |
| Sabres |
5 |
9 |
1 |
15 |
|
1st period
No Goal
Penalties :
Lukas Krajicek (Pho) for Tripping (Minor) at 14:21, Ryan Hollweg (Buf) for Hooking (Minor) at 19:29
2nd period
1. Coyotes , Marian Gaborik 1 (Tim Connolly, Denis Grebeshkov) at 5:25
2. Coyotes , Tim Connolly 1 (Tom Poti) at 5:40
3. Coyotes , Marian Gaborik 2 (Brenden Morrow, Sami Lepisto) at 15:49
4. Sabres , Niclas Bergfors 1 (Kyle Calder, Jason Smith) at 17:02 (PP)
5. Coyotes , Drew Miller 1 (Tom Poti, Bill Guerin) at 18:26
6. Coyotes , Maxim Lapierre 1 (Kurt Sauer) at 19:19
Penalties :
Jiri Fischer (Pho) for Hooking (Minor) at 16:32, James Neal (Buf) for Fighting (Major) at 19:24, Brenden Morrow (Pho) for Fighting (Major) at 19:24
3rd period
No Goal
Penalties :
Jason Smith (Buf) for Interference (Minor) at 0:41, Kyle Calder (Buf) for Hooking (Minor) at 9:34, Boyd Devereaux (Buf) for Slashing (Minor) at 18:50
Goalie Stats
Ryan Miller (Pho), 14 saves from 15 shots - (0,933), W, 1-1-0, 60:00 minutes
Michal Neuvirth (Buf), 15 saves from 19 shots - (0,789), L, 1-1-0, 38:26 minutes
Ty Conklin (Buf), 11 saves from 12 shots - (0,917), 21:34 minutes
Players Stats for Coyotes
Player Name G A P +/- PIM S H SB GA TA FO MP PP MP PK MP
------------------------------------------------------------------------------------
Bill Guerin 0 1 1 1 0 0 2 0 0 0 0/2 16:09 3:08 0:00
Brenden Morrow 0 1 1 3 5 1 2 1 0 0 0/1 18:30 3:03 0:37
Chad Larose 0 0 0 1 0 0 3 0 0 0 0/0 12:57 0:13 0:23
Craig Adams 0 0 0 0 0 1 3 0 0 0 0/0 10:30 0:00 0:35
Denis Grebeshkov 0 1 1 2 0 1 2 0 1 0 0/0 23:20 4:59 0:50
Drew Miller 1 0 1 1 0 4 1 1 1 0 0/0 16:33 2:48 1:29
Frans Nielsen 0 0 0 1 0 3 3 0 0 1 4/11 16:18 2:47 1:29
Jiri Fischer 0 0 0 1 2 0 1 1 0 0 0/0 16:42 0:00 0:50
Joël Perrault 0 0 0 0 0 0 2 0 0 0 2/2 10:06 0:00 0:25
Kurt Sauer 0 1 1 2 0 0 1 0 1 1 0/0 18:51 0:00 1:39
Lukas Krajicek 0 0 0 1 2 0 1 2 1 0 0/0 17:48 2:07 0:00
Marian Gaborik 2 0 2 3 0 5 1 0 0 0 1/1 20:27 4:06 0:00
Maxim Lapierre 1 0 1 1 0 1 1 0 0 0 1/2 12:21 0:00 0:00
Riley Cote 0 0 0 0 0 2 4 0 0 1 0/1 10:09 0:27 0:00
Sami Lepisto 0 1 1 2 0 1 2 0 0 1 0/0 16:38 2:07 0:00
Sergei Samsonov 0 0 0 1 0 1 1 0 0 1 0/0 13:03 0:40 0:00
Tim Connolly 1 1 2 3 0 8 1 1 1 1 14/26 20:27 4:06 0:00
Tom Poti 0 2 2 2 0 3 4 0 0 2 0/0 26:39 4:59 1:39
Players Stats for Sabres
Player Name G A P +/- PIM S H SB GA TA FO MP PP MP PK MP
------------------------------------------------------------------------------------
Boyd Devereaux 0 0 0 0 2 0 2 0 0 0 1/5 15:26 0:00 1:45
Curtis Glencross 0 0 0 -1 0 0 1 0 1 0 1/1 16:24 0:00 2:50
Daniel Cleary 0 0 0 0 0 0 0 0 0 0 0/0 2:20 0:00 0:00
Dennis Wideman 0 0 0 -1 0 0 0 2 0 0 0/0 20:27 1:42 2:24
Dominic Moore 0 0 0 -3 0 1 0 0 1 0 5/13 18:52 0:00 4:11
James Neal 0 0 0 -1 5 2 3 0 2 0 0/0 17:15 0:59 0:52
Jason Smith 0 1 1 -2 2 0 3 1 0 1 0/0 22:23 1:42 1:24
Kyle Calder 0 1 1 -2 2 0 4 1 2 1 0/0 16:53 0:34 0:44
Ladislav Smid 0 0 0 -2 0 0 1 0 0 0 0/0 16:37 0:00 0:58
Mats Sundin 0 0 0 -2 0 1 1 0 1 0 6/10 19:29 0:56 3:36
Mike Fisher 0 0 0 -1 0 1 1 1 0 0 11/17 9:11 1:33 0:14
Nathan Paetsch 0 0 0 -2 0 0 0 2 0 0 0/0 17:33 0:47 0:44
Niclas Bergfors 1 0 1 -2 0 7 2 1 0 1 0/0 18:02 1:33 0:00
Nikolai Zherdev 0 0 0 0 0 0 2 0 1 0 0/0 4:56 0:00 0:00
Ole-Kristian Tollefsen 0 0 0 -2 0 0 1 2 0 1 0/0 24:18 0:47 4:21
Ryan Hollweg 0 0 0 -2 2 1 0 0 0 0 0/0 14:28 0:56 0:00
Sean Zimmerman 0 0 0 -1 0 0 1 0 0 1 0/0 20:32 0:00 4:21
Steve Downie 0 0 0 -1 0 2 1 1 0 0 0/0 17:43 0:56 0:00
3 Stars
1 - Marian Gaborik (Pho)
2 - Tim Connolly (Pho)
3 - Tom Poti (Pho)
Power Play
Coyotes - 0 on 4 Attempt(s) - 0,00%
Sabres - 1 on 2 Attempt(s) - 50,00%
Penalty Kill
Coyotes - 1 on 2 Attempt(s) - 50,00%
- Score 0 goal in Penalty Kill
Sabres - 4 on 4 Attempt(s) - 100,00%
- Score 0 goal in Penalty Kill
Official
Referees : Marouelli Dan and Joannette Marc
Linesman : Mark Pare and Shane Heyer
Game Notes
Daniel Cleary is injured at 8:25 of 1st period (Bruised Left Foot)
Nikolai Zherdev is injured at 17:38 of 1st period (Broken Right Index Finger)
Ty Conklin enters game at 18:26 of 2nd period
Brenden Morrow beats up James Neal at 19:24 of 2nd period
Finance
Level 1 -- Attendance: 5249 (87,48%) -- Ticket Income 419 920 $
Level 2 -- Attendance: 4327 (86,54%) -- Ticket Income 216 350 $
Level 3 -- Attendance: 1985 (99,25%) -- Ticket Income 59 550 $
Level 4 -- Attendance: 4000 (100,00%) -- Ticket Income 60 000 $
Luxury Box -- Attendance: 923 (92,30%) -- Ticket Income 138 450 $
Game was played at the Duff Garden
Total Attendance: 16484 (91,58%)
Total Ticket Income: 894 270 $
Other Income: 89 427 $
Total Income: 983 697 $
Coyotes
5 vs 5 Forward
Center Left Wing Right Wing Time % Phy DF OF
1 Tim Connolly Brenden Morrow Marian Gaborik 40 1 2 2
2 Frans Nielsen Drew Miller Bill Guerin 30 1 2 2
3 Maxim Lapierre Sergei Samsonov Chad Larose 20 1 2 2
4 Joël Perrault Riley Cote Craig Adams 10 1 2 2
5 vs 5 Defense
Defense Defense Time % Phy DF OF
1 Tom Poti Denis Grebeshkov 40 1 2 2
2 Sami Lepisto Kurt Sauer 30 1 2 2
3 Lukas Krajicek Jiri Fischer 20 1 2 2
4 Tom Poti Kurt Sauer 10 1 2 2
PowerPlay Forward
Center Left Wing Right Wing Time % Phy DF OF
1 Tim Connolly Brenden Morrow Marian Gaborik 60 1 2 2
2 Frans Nielsen Drew Miller Bill Guerin 40 1 2 2
PowerPlay Defense
Defense Defense Time % Phy DF OF
1 Tom Poti Denis Grebeshkov 60 1 2 2
2 Sami Lepisto Lukas Krajicek 40 1 2 2
Penalty Kill 4 Players Forward
Center Wing Time % Phy DF OF
1 Frans Nielsen Drew Miller 60 1 2 2
2 Chad Larose Craig Adams 40 1 2 2
Penalty Kill 4 Players Defense
Defense Defense Time % Phy DF OF
1 Tom Poti Kurt Sauer 60 1 2 2
2 Denis Grebeshkov Jiri Fischer 40 1 2 2
Penalty Kill - 3 Players Forward
Forward Time % Phy DF OF
1 Drew Miller 60 1 2 2
2 Chad Larose 40 1 2 2
Penalty Kill - 3 Players Defense
Defense Defense Time % Phy DF OF
1 Tom Poti Kurt Sauer 60 1 2 2
2 Denis Grebeshkov Jiri Fischer 40 1 2 2
4 vs 4 Forward
Center Wing Time % Phy DF OF
1 Tim Connolly Marian Gaborik 60 1 2 2
2 Frans Nielsen Drew Miller 40 1 2 2
4 vs 4 Defense
Defense Defense Time % Phy DF OF
1 Tom Poti Kurt Sauer 60 1 2 2
2 Denis Grebeshkov Jiri Fischer 40 1 2 2
Last Minutes Offensive
Center Left Wing Right Wing Defense Defense
Tim Connolly Brenden Morrow Marian Gaborik Tom Poti Denis Grebeshkov
Last Minutes Defensive
Center Left Wing Right Wing Defense Defense
Frans Nielsen Drew Miller Chad Larose Tom Poti Kurt Sauer
Goaltenders
Starting : Ryan Miller
Backup : Al Montoya
Extra Forwards
Normal : Bill Guerin, Sergei Samsonov, Craig Adams - PP : Bill Guerin, Sergei Samsonov - PK : Craig Adams
Extra Defensemen
Normal : Sami Lepisto, Lukas Krajicek, Denis Grebeshkov - PP : Sami Lepisto - PK : Lukas Krajicek, Denis Grebeshkov
Penalty Shots
Marian Gaborik, Sergei Samsonov, Bill Guerin, Brenden Morrow, Frans Nielsen
Sabres
5 vs 5 Forward
Center Left Wing Right Wing Time % Phy DF OF
1 Mats Sundin Daniel Cleary Nikolai Zherdev 30 1 3 1
2 Dominic Moore Ryan Hollweg Niclas Bergfors 25 1 3 1
3 Boyd Devereaux James Neal Steve Downie 25 1 3 1
4 Mike Fisher Curtis Glencross Kyle Calder 20 1 3 1
5 vs 5 Defense
Defense Defense Time % Phy DF OF
1 Ole-Kristian Tollefsen Nathan Paetsch 30 1 3 1
2 Dennis Wideman Sean Zimmerman 30 1 3 1
3 Ladislav Smid Jason Smith 30 1 3 1
4 Ole-Kristian Tollefsen Jason Smith 10 1 1 3
PowerPlay Forward
Center Left Wing Right Wing Time % Phy DF OF
1 Mike Fisher James Neal Niclas Bergfors 50 3 1 1
2 Mats Sundin Ryan Hollweg Steve Downie 50 3 1 1
PowerPlay Defense
Defense Defense Time % Phy DF OF
1 Dennis Wideman Jason Smith 70 0 1 4
2 Ole-Kristian Tollefsen Nathan Paetsch 30 0 1 4
Penalty Kill 4 Players Forward
Center Wing Time % Phy DF OF
1 Dominic Moore Daniel Cleary 60 1 4 0
2 Mike Fisher Boyd Devereaux 40 1 4 0
Penalty Kill 4 Players Defense
Defense Defense Time % Phy DF OF
1 Ole-Kristian Tollefsen Sean Zimmerman 70 1 4 0
2 Dennis Wideman Jason Smith 30 1 4 0
Penalty Kill - 3 Players Forward
Forward Time % Phy DF OF
1 Dominic Moore 50 0 5 0
2 Boyd Devereaux 50 0 5 0
Penalty Kill - 3 Players Defense
Defense Defense Time % Phy DF OF
1 Ole-Kristian Tollefsen Sean Zimmerman 70 1 4 0
2 Dennis Wideman Jason Smith 30 1 4 0
4 vs 4 Forward
Center Wing Time % Phy DF OF
1 Dominic Moore Niclas Bergfors 60 0 2 3
2 Mike Fisher Steve Downie 40 1 3 1
4 vs 4 Defense
Defense Defense Time % Phy DF OF
1 Ole-Kristian Tollefsen Jason Smith 70 0 2 3
2 Dennis Wideman Nathan Paetsch 30 0 3 2
Last Minutes Offensive
Center Left Wing Right Wing Defense Defense
Mats Sundin James Neal Niclas Bergfors Dennis Wideman Jason Smith
Last Minutes Defensive
Center Left Wing Right Wing Defense Defense
Dominic Moore Boyd Devereaux Daniel Cleary Ole-Kristian Tollefsen Jason Smith
Goaltenders
Starting : Michal Neuvirth
Backup : Ty Conklin
Extra Forwards
Normal : Kyle Calder, Nikolai Zherdev, Curtis Glencross - PP : Kyle Calder, Nikolai Zherdev - PK : Mats Sundin
Extra Defensemen
Normal : Ladislav Smid, Sean Zimmerman, Nathan Paetsch - PP : Sean Zimmerman - PK : Ladislav Smid, Nathan Paetsch
Penalty Shots
Nikolai Zherdev, Niclas Bergfors, Mats Sundin, James Neal, Dominic Moore
% Time on Ice - Coyotes
Lines # - Real PCT - Wanted PCT - Time Play
Normal Forward
1 - 32% - 40% - 16:22
2 - 24% - 30% - 12:01
3 - 24% - 20% - 12:21
4 - 19% - 10% - 9:41
Normal Defense
1 - 35% - 40% - 17:38
2 - 29% - 30% - 14:31
3 - 31% - 20% - 15:42
4 - 5% - 10% - 2:34
PP Forward
1 - 66% - 60% - 4:43
2 - 34% - 40% - 2:23
PP Defense
1 - 70% - 60% - 4:59
2 - 30% - 40% - 2:07
PK Forward
1 - 85% - 60% - 2:06
2 - 15% - 40% - 0:23
PK Defense
1 - 66% - 60% - 1:39
2 - 34% - 40% - 0:50
PK3 Forward
1 - 0% - 60%
2 - 0% - 40%
PK3 Defense
1 - 0% - 60%
2 - 0% - 40%
44 Forward
1 - 0% - 60%
2 - 0% - 40%
44 Defense
1 - 0% - 60%
2 - 0% - 40%
Last Minute Offensive - 0:00
Last Minute Defensive - 0:00
Total
Forward - 60:00
Defense - 60:00
|
% Time on Ice - Sabres
Lines # - Real PCT - Wanted PCT - Time Play
Normal Forward
1 - 46% - 30% - 23:24
2 - 22% - 25% - 11:06
3 - 19% - 25% - 9:27
4 - 13% - 20% - 6:28
Normal Defense
1 - 32% - 30% - 15:57
2 - 33% - 30% - 16:49
3 - 29% - 30% - 14:28
4 - 6% - 10% - 3:11
PP Forward
1 - 62% - 50% - 1:33
2 - 38% - 50% - 0:56
PP Defense
1 - 68% - 70% - 1:42
2 - 32% - 30% - 0:47
PK Forward
1 - 97% - 60% - 6:52
2 - 3% - 40% - 0:14
PK Defense
1 - 66% - 70% - 4:42
2 - 34% - 30% - 2:24
PK3 Forward
1 - 0% - 50%
2 - 0% - 50%
PK3 Defense
1 - 0% - 70%
2 - 0% - 30%
44 Forward
1 - 0% - 60%
2 - 0% - 40%
44 Defense
1 - 0% - 70%
2 - 0% - 30%
Last Minute Offensive - 0:00
Last Minute Defensive - 0:00
Total
Forward - 60:00
Defense - 60:00
|
Play by Play
1st period
0:01 of 1st period - Mats Sundin wins face-off versus Tim Connolly in neutral zone.
0:06 of 1st period - Mats Sundin is hit by Marian Gaborik and loses puck.
0:25 of 1st period - Ryan Hollweg is hit by Sergei Samsonov and loses puck.
0:50 of 1st period - Snap shot by Steve Downie.
0:50 of 1st period - Shot Blocked by Drew Miller.
1:09 of 1st period - Off-side.
1:10 of 1st period - Joël Perrault wins face-off versus Mike Fisher in neutral zone.
1:43 of 1st period - Backhand shot by Riley Cote.
1:43 of 1st period - Shot Misses the Net.
1:45 of 1st period - Wrist shot by Joël Perrault.
1:45 of 1st period - Shot Blocked by Dennis Wideman.
1:47 of 1st period - Slapshot by Jiri Fischer.
1:47 of 1st period - Deflect By Craig Adams.
1:47 of 1st period - Shot Misses the Net.
1:47 of 1st period - Puck is out of play.
1:48 of 1st period - Mats Sundin wins face-off versus Tim Connolly in Sabres zone.
2:39 of 1st period - Kurt Sauer is hit by Kyle Calder and loses puck.
2:48 of 1st period - Slapshot by Mike Fisher.
2:48 of 1st period - Shot Misses the Net.
2:50 of 1st period - Slapshot by Sean Zimmerman.
2:50 of 1st period - Shot Misses the Net.
3:04 of 1st period - Dennis Wideman is hit by Joël Perrault and loses puck.
3:33 of 1st period - Snap shot by Marian Gaborik.
3:33 of 1st period - Stopped by Michal Neuvirth with a rebound.
3:43 of 1st period - Dennis Wideman is hit by Bill Guerin and loses puck.
4:08 of 1st period - Sergei Samsonov is hit by Niclas Bergfors and loses puck.
4:58 of 1st period - Dominic Moore is hit by Frans Nielsen and loses puck.
5:23 of 1st period - Chad Larose is hit by Jason Smith and loses puck.
6:03 of 1st period - Boyd Devereaux is hit by Joël Perrault and loses puck.
6:20 of 1st period - Snap shot by Kyle Calder.
6:20 of 1st period - Shot Misses the Net.
6:42 of 1st period - Drew Miller is hit by Jason Smith.
6:45 of 1st period - Off-side.
6:46 of 1st period - Tim Connolly wins face-off versus Mats Sundin in neutral zone.
6:49 of 1st period - Ole-Kristian Tollefsen is hit by Lukas Krajicek and loses puck.
6:58 of 1st period - Marian Gaborik is hit by Nikolai Zherdev and loses puck.
7:32 of 1st period - Off-side.
7:33 of 1st period - Joël Perrault wins face-off versus Boyd Devereaux in neutral zone.
7:57 of 1st period - Nathan Paetsch is hit by Kurt Sauer and loses puck.
8:12 of 1st period - Snap shot by Craig Adams.
8:12 of 1st period - Stopped by Michal Neuvirth with a rebound.
8:14 of 1st period - Snap shot by Tom Poti.
8:14 of 1st period - Deflect By Riley Cote.
8:14 of 1st period - Stopped by Michal Neuvirth with a rebound.
8:16 of 1st period - Snap shot by Riley Cote.
8:16 of 1st period - Stopped by Michal Neuvirth without a rebound.
8:17 of 1st period - Tim Connolly wins face-off versus Mats Sundin in Sabres zone.
8:24 of 1st period - Daniel Cleary is hit by Brenden Morrow and loses puck.
8:25 of 1st period - Daniel Cleary from Sabres is injured at 8:25 of 1st period (Bruised Left Foot).
8:26 of 1st period - Mats Sundin wins face-off versus Tim Connolly in Sabres zone.
9:13 of 1st period - Snap shot by Niclas Bergfors.
9:13 of 1st period - Stopped by Ryan Miller without a rebound.
9:14 of 1st period - Maxim Lapierre wins face-off versus Boyd Devereaux in Coyotes zone.
9:41 of 1st period - Sean Zimmerman is hit by Brenden Morrow and loses puck.
10:06 of 1st period - Drew Miller is hit by Nikolai Zherdev and loses puck.
10:24 of 1st period - Off-side.
10:25 of 1st period - Tim Connolly wins face-off versus Mats Sundin in neutral zone.
10:28 of 1st period - Wrist shot by Tim Connolly.
10:28 of 1st period - Stopped by Michal Neuvirth with a rebound.
10:38 of 1st period - Slapshot by Tim Connolly.
10:38 of 1st period - Shot Blocked by Ole-Kristian Tollefsen.
12:07 of 1st period - Wrist shot by Tim Connolly.
12:07 of 1st period - Shot Misses the Net.
12:21 of 1st period - Snap shot by Dominic Moore.
12:21 of 1st period - Stopped by Ryan Miller with a rebound.
12:23 of 1st period - Snap shot by Ryan Hollweg.
12:23 of 1st period - Deflect By Niclas Bergfors.
12:23 of 1st period - Stopped by Ryan Miller with a rebound.
12:45 of 1st period - Wrist shot by Steve Downie.
12:45 of 1st period - Stopped by Ryan Miller without a rebound.
12:46 of 1st period - Mats Sundin wins face-off versus Tim Connolly in Coyotes zone.
12:59 of 1st period - Snap shot by Mats Sundin.
12:59 of 1st period - Deflect By Nikolai Zherdev.
12:59 of 1st period - Shot Blocked by Tim Connolly.
12:59 of 1st period - Puck is out of play.
13:00 of 1st period - Tim Connolly wins face-off versus Mike Fisher in Coyotes zone.
13:16 of 1st period - Snap shot by Marian Gaborik.
13:16 of 1st period - Deflect By Tim Connolly.
13:16 of 1st period - Stopped by Michal Neuvirth with a rebound.
13:51 of 1st period - Sean Zimmerman is hit by Sami Lepisto and loses puck.
14:21 of 1st period - Minor Penalty to Lukas Krajicek for Tripping.
14:22 of 1st period - Mike Fisher wins face-off versus Frans Nielsen in Coyotes zone.
14:31 of 1st period - Wrist shot by Niclas Bergfors.
14:31 of 1st period - Stopped by Ryan Miller with a rebound.
16:21 of 1st period - Penalty to Lukas Krajicek is over, Lukas Krajicek is back on ice.
16:46 of 1st period - Lukas Krajicek is hit by Mats Sundin and loses puck.
17:07 of 1st period - Jason Smith is hit by Craig Adams.
17:37 of 1st period - Nikolai Zherdev is hit by Drew Miller and loses puck.
17:38 of 1st period - Nikolai Zherdev from Sabres is injured at 17:38 of 1st period (Broken Right Index Finger).
17:39 of 1st period - Mike Fisher wins face-off versus Tim Connolly in Sabres zone.
18:45 of 1st period - Kurt Sauer is hit by Kyle Calder and loses puck.
19:29 of 1st period - Minor Penalty to Ryan Hollweg for Hooking.
19:30 of 1st period - Dominic Moore wins face-off versus Tim Connolly in Sabres zone.
19:39 of 1st period - Snap shot by Marian Gaborik.
19:39 of 1st period - Shot Misses the Net.
19:41 of 1st period - Snap shot by Tom Poti.
19:41 of 1st period - Stopped by Michal Neuvirth without a rebound.
19:42 of 1st period - Tim Connolly wins face-off versus Dominic Moore in Sabres zone.
19:53 of 1st period - Wrist shot by Tim Connolly.
19:53 of 1st period - Stopped by Michal Neuvirth with a rebound.
19:55 of 1st period - Wrist shot by Tim Connolly.
19:55 of 1st period - Deflect By Marian Gaborik.
19:55 of 1st period - Stopped by Michal Neuvirth without a rebound.
19:56 of 1st period - Tim Connolly wins face-off versus Dominic Moore in Sabres zone.
2nd period
0:01 of 2nd period - Tim Connolly wins face-off versus Dominic Moore in neutral zone.
1:29 of 2nd period - Penalty to Ryan Hollweg is over, Ryan Hollweg is back on ice.
1:59 of 2nd period - Craig Adams is hit by James Neal and loses puck.
2:55 of 2nd period - Curtis Glencross is hit by Riley Cote and loses puck.
4:20 of 2nd period - Niclas Bergfors is hit by Craig Adams and loses puck.
4:28 of 2nd period - Ladislav Smid is hit by Riley Cote and loses puck.
4:53 of 2nd period - Denis Grebeshkov is hit by Ladislav Smid and loses puck.
5:25 of 2nd period - Snap shot by Marian Gaborik.
5:25 of 2nd period - Goal by Marian Gaborik - Coyotes : 1 - Sabres : 0.
5:26 of 2nd period - Mike Fisher wins face-off versus Tim Connolly in neutral zone.
5:33 of 2nd period - Jason Smith is hit by Denis Grebeshkov and loses puck.
5:38 of 2nd period - Snap shot by Tim Connolly.
5:38 of 2nd period - Shot Blocked by Mike Fisher.
5:40 of 2nd period - Slapshot by Tim Connolly.
5:40 of 2nd period - Goal by Tim Connolly - Coyotes : 2 - Sabres : 0.
5:41 of 2nd period - Curtis Glencross wins face-off versus Tim Connolly in neutral zone.
6:06 of 2nd period - Tim Connolly is hit by James Neal and loses puck.
6:21 of 2nd period - Marian Gaborik is hit by Boyd Devereaux and loses puck.
6:32 of 2nd period - Slapshot by Denis Grebeshkov.
6:32 of 2nd period - Stopped by Michal Neuvirth without a rebound.
6:33 of 2nd period - Frans Nielsen wins face-off versus Dominic Moore in Sabres zone.
6:58 of 2nd period - Sergei Samsonov is hit by Curtis Glencross and loses puck.
7:07 of 2nd period - Jason Smith is hit by Chad Larose and loses puck.
7:38 of 2nd period - Wrist shot by Frans Nielsen.
7:38 of 2nd period - Stopped by Michal Neuvirth without a rebound.
7:39 of 2nd period - Mats Sundin wins face-off versus Frans Nielsen in Sabres zone.
7:39 of 2nd period - Mats Sundin is hit by Bill Guerin.
8:03 of 2nd period - Denis Grebeshkov is hit by Ole-Kristian Tollefsen and loses puck.
8:42 of 2nd period - Steve Downie is hit by Riley Cote and loses puck.
8:49 of 2nd period - Slapshot by Craig Adams.
8:49 of 2nd period - Shot Misses the Net.
8:51 of 2nd period - Wrist shot by Craig Adams.
8:51 of 2nd period - Shot Hit the Post.
8:53 of 2nd period - Snap shot by Joël Perrault.
8:53 of 2nd period - Shot Blocked by Dennis Wideman.
8:55 of 2nd period - Snap shot by Craig Adams.
8:55 of 2nd period - Shot Misses the Net.
9:05 of 2nd period - Wrist shot by Drew Miller.
9:05 of 2nd period - Stopped by Michal Neuvirth without a rebound.
9:06 of 2nd period - Dominic Moore wins face-off versus Frans Nielsen in Sabres zone.
9:31 of 2nd period - Jason Smith is hit by Maxim Lapierre and loses puck.
9:44 of 2nd period - Slapshot by Ryan Hollweg.
9:44 of 2nd period - Shot Misses the Net.
9:46 of 2nd period - Snap shot by Niclas Bergfors.
9:46 of 2nd period - Stopped by Ryan Miller with a rebound.
9:48 of 2nd period - Snap shot by Ryan Hollweg.
9:48 of 2nd period - Stopped by Ryan Miller with a rebound.
10:53 of 2nd period - Snap shot by Sergei Samsonov.
10:53 of 2nd period - Stopped by Michal Neuvirth with a rebound.
11:05 of 2nd period - Slapshot by Sergei Samsonov.
11:05 of 2nd period - Shot Misses the Net.
11:13 of 2nd period - Wrist shot by Dominic Moore.
11:13 of 2nd period - Shot Misses the Net.
11:36 of 2nd period - Jiri Fischer is hit by Sean Zimmerman and loses puck.
11:55 of 2nd period - Snap shot by Niclas Bergfors.
11:55 of 2nd period - Shot Blocked by Lukas Krajicek.
11:57 of 2nd period - Wrist shot by Niclas Bergfors.
11:57 of 2nd period - Shot Blocked by Lukas Krajicek.
11:59 of 2nd period - Wrist shot by Niclas Bergfors.
11:59 of 2nd period - Deflect By Chad Larose.
11:59 of 2nd period - Shot Blocked by Jiri Fischer.
11:59 of 2nd period - Puck is out of play.
12:00 of 2nd period - Tim Connolly wins face-off versus Mike Fisher in Coyotes zone.
12:00 of 2nd period - Tim Connolly is hit by Kyle Calder.
12:37 of 2nd period - Slapshot by Drew Miller.
12:37 of 2nd period - Shot Blocked by Nathan Paetsch.
13:16 of 2nd period - Off-side.
13:17 of 2nd period - Frans Nielsen wins face-off versus Mats Sundin in neutral zone.
14:09 of 2nd period - Marian Gaborik is hit by James Neal and loses puck.
14:14 of 2nd period - Snap shot by James Neal.
14:14 of 2nd period - Shot Misses the Net.
14:16 of 2nd period - Snap shot by Steve Downie.
14:16 of 2nd period - Stopped by Ryan Miller with a rebound.
14:18 of 2nd period - Wrist shot by James Neal.
14:18 of 2nd period - Stopped by Ryan Miller with a rebound.
14:20 of 2nd period - Snap shot by Mats Sundin.
14:20 of 2nd period - Stopped by Ryan Miller with a rebound.
14:26 of 2nd period - Snap shot by Mats Sundin.
14:26 of 2nd period - Shot Misses the Net.
14:36 of 2nd period - Snap shot by James Neal.
14:36 of 2nd period - Stopped by Ryan Miller with a rebound.
14:46 of 2nd period - Brenden Morrow is hit by Steve Downie and loses puck.
14:57 of 2nd period - Slapshot by Marian Gaborik.
14:57 of 2nd period - Shot Misses the Net.
15:41 of 2nd period - Wrist shot by Tim Connolly.
15:41 of 2nd period - Shot Misses the Net.
15:43 of 2nd period - Wrist shot by Brenden Morrow.
15:43 of 2nd period - Shot Blocked by Jason Smith.
15:47 of 2nd period - Snap shot by Marian Gaborik.
15:47 of 2nd period - Stopped by Michal Neuvirth with a rebound.
15:49 of 2nd period - Wrist shot by Brenden Morrow.
15:49 of 2nd period - Deflect By Marian Gaborik.
15:49 of 2nd period - Deflect By Jason Smith.
15:49 of 2nd period - Goal by Marian Gaborik - Coyotes : 3 - Sabres : 0.
15:50 of 2nd period - Mike Fisher wins face-off versus Bill Guerin in neutral zone.
16:32 of 2nd period - Minor Penalty to Jiri Fischer for Hooking.
16:33 of 2nd period - Mike Fisher wins face-off versus Frans Nielsen in Coyotes zone.
16:36 of 2nd period - Wrist shot by Mike Fisher.
16:36 of 2nd period - Deflect By Niclas Bergfors.
16:36 of 2nd period - Stopped by Ryan Miller without a rebound.
16:37 of 2nd period - Mike Fisher wins face-off versus Frans Nielsen in Coyotes zone.
16:46 of 2nd period - Slapshot by Mike Fisher.
16:46 of 2nd period - Stopped by Ryan Miller without a rebound.
16:47 of 2nd period - Frans Nielsen wins face-off versus Mike Fisher in Coyotes zone.
16:47 of 2nd period - Frans Nielsen is hit by Kyle Calder.
16:54 of 2nd period - Icing by Niclas Bergfors.
16:55 of 2nd period - Frans Nielsen wins face-off versus Mike Fisher in Sabres zone.
17:02 of 2nd period - Snap shot by Niclas Bergfors.
17:02 of 2nd period - Goal by Niclas Bergfors - Coyotes : 3 - Sabres : 1.
17:03 of 2nd period - Mike Fisher wins face-off versus Brenden Morrow in neutral zone.
17:05 of 2nd period - Ole-Kristian Tollefsen is hit by Tom Poti and loses puck.
17:18 of 2nd period - Slapshot by Curtis Glencross.
17:18 of 2nd period - Shot Misses the Net.
17:48 of 2nd period - Snap shot by Brenden Morrow.
17:48 of 2nd period - Shot Blocked by Ole-Kristian Tollefsen.
17:50 of 2nd period - Slapshot by Kurt Sauer.
17:50 of 2nd period - Shot Misses the Net.
17:52 of 2nd period - Wrist shot by Brenden Morrow.
17:52 of 2nd period - Deflect By Marian Gaborik.
17:52 of 2nd period - Shot Blocked by Niclas Bergfors.
17:52 of 2nd period - Puck is out of play.
17:53 of 2nd period - Dominic Moore wins face-off versus Frans Nielsen in Sabres zone.
18:06 of 2nd period - Niclas Bergfors is hit by Jiri Fischer.
18:10 of 2nd period - Dennis Wideman is hit by Frans Nielsen and loses puck.
18:24 of 2nd period - Snap shot by Drew Miller.
18:24 of 2nd period - Stopped by Michal Neuvirth with a rebound.
18:26 of 2nd period - Slapshot by Drew Miller.
18:26 of 2nd period - Goal by Drew Miller - Coyotes : 4 - Sabres : 1.
18:26 of 2nd period - Ty Conklin enters game.
18:27 of 2nd period - Tim Connolly wins face-off versus Mike Fisher in neutral zone.
18:32 of 2nd period - Ole-Kristian Tollefsen is hit by Tom Poti and loses puck.
18:57 of 2nd period - Snap shot by Denis Grebeshkov.
18:57 of 2nd period - Shot Misses the Net.
18:59 of 2nd period - Snap shot by Bill Guerin.
18:59 of 2nd period - Deflect By Drew Miller.
18:59 of 2nd period - Stopped by Ty Conklin with a rebound.
19:01 of 2nd period - Slapshot by Tom Poti.
19:01 of 2nd period - Deflect By Frans Nielsen.
19:01 of 2nd period - Stopped by Ty Conklin with a rebound.
19:03 of 2nd period - Snap shot by Frans Nielsen.
19:03 of 2nd period - Shot Blocked by Nathan Paetsch.
19:19 of 2nd period - Snap shot by Maxim Lapierre.
19:19 of 2nd period - Goal by Maxim Lapierre - Coyotes : 5 - Sabres : 1.
19:20 of 2nd period - Boyd Devereaux wins face-off versus Tim Connolly in neutral zone.
19:24 of 2nd period - Brenden Morrow beats up James Neal.
19:24 of 2nd period - Penalty to James Neal for Fighting.
19:24 of 2nd period - Penalty to Brenden Morrow for Fighting.
19:25 of 2nd period - Mike Fisher wins face-off versus Bill Guerin in Coyotes zone.
19:37 of 2nd period - Curtis Glencross is hit by Tom Poti.
3rd period
0:01 of 3rd period - Tim Connolly wins face-off versus Boyd Devereaux in neutral zone.
0:04 of 3rd period - Snap shot by Tom Poti.
0:04 of 3rd period - Stopped by Ty Conklin with a rebound.
0:06 of 3rd period - Slapshot by Bill Guerin.
0:06 of 3rd period - Deflect By Tim Connolly.
0:06 of 3rd period - Stopped by Ty Conklin without a rebound.
0:07 of 3rd period - Tim Connolly wins face-off versus Boyd Devereaux in Sabres zone.
0:20 of 3rd period - Snap shot by Tim Connolly.
0:20 of 3rd period - Stopped by Ty Conklin with a rebound.
0:26 of 3rd period - Snap shot by Tim Connolly.
0:26 of 3rd period - Stopped by Ty Conklin with a rebound.
0:28 of 3rd period - Backhand shot by Kurt Sauer.
0:28 of 3rd period - Shot Blocked by Steve Downie.
0:30 of 3rd period - Snap shot by Marian Gaborik.
0:30 of 3rd period - Shot Blocked by Kyle Calder.
0:32 of 3rd period - Snap shot by Tim Connolly.
0:32 of 3rd period - Shot Misses the Net.
0:38 of 3rd period - Snap shot by Tim Connolly.
0:38 of 3rd period - Stopped by Ty Conklin without a rebound.
0:39 of 3rd period - Dominic Moore wins face-off versus Maxim Lapierre in Sabres zone.
0:41 of 3rd period - Minor Penalty to Jason Smith for Interference.
0:42 of 3rd period - Tim Connolly wins face-off versus Dominic Moore in Sabres zone.
2:41 of 3rd period - Penalty to Jason Smith is over, Jason Smith is back on ice.
2:48 of 3rd period - Slapshot by Maxim Lapierre.
2:48 of 3rd period - Shot Misses the Net.
4:15 of 3rd period - Bill Guerin is hit by Niclas Bergfors and loses puck.
5:15 of 3rd period - Jason Smith is hit by Riley Cote and loses puck.
6:13 of 3rd period - Ole-Kristian Tollefsen is hit by Craig Adams and loses puck.
6:53 of 3rd period - Wrist shot by Niclas Bergfors.
6:53 of 3rd period - Stopped by Ryan Miller without a rebound.
6:54 of 3rd period - Mike Fisher wins face-off versus Tim Connolly in Coyotes zone.
7:01 of 3rd period - Snap shot by Mike Fisher.
7:01 of 3rd period - Deflect By Kyle Calder.
7:01 of 3rd period - Shot Blocked by Brenden Morrow.
7:01 of 3rd period - Puck is out of play.
7:02 of 3rd period - Mike Fisher wins face-off versus Frans Nielsen in Coyotes zone.
7:13 of 3rd period - Drew Miller is hit by Mike Fisher and loses puck.
8:14 of 3rd period - Boyd Devereaux is hit by Frans Nielsen.
8:18 of 3rd period - Drew Miller is hit by Jason Smith and loses puck.
8:27 of 3rd period - Snap shot by Drew Miller.
8:27 of 3rd period - Shot Misses the Net.
9:26 of 3rd period - Snap shot by Frans Nielsen.
9:26 of 3rd period - Stopped by Ty Conklin without a rebound.
9:27 of 3rd period - Mats Sundin wins face-off versus Tim Connolly in Sabres zone.
9:27 of 3rd period - Mats Sundin is hit by Tim Connolly.
9:34 of 3rd period - Minor Penalty to Kyle Calder for Hooking.
9:35 of 3rd period - Marian Gaborik wins face-off versus Dominic Moore in Sabres zone.
9:46 of 3rd period - Slapshot by Tom Poti.
9:46 of 3rd period - Deflect By Dominic Moore.
9:46 of 3rd period - Stopped by Ty Conklin with a rebound.
11:31 of 3rd period - Boyd Devereaux is hit by Denis Grebeshkov and loses puck.
11:34 of 3rd period - Penalty to Kyle Calder is over, Kyle Calder is back on ice.
12:23 of 3rd period - Wrist shot by Sami Lepisto.
12:23 of 3rd period - Deflect By Jason Smith.
12:23 of 3rd period - Stopped by Ty Conklin with a rebound.
14:22 of 3rd period - Ole-Kristian Tollefsen is hit by Chad Larose and loses puck.
14:29 of 3rd period - Steve Downie is hit by Tom Poti and loses puck.
15:41 of 3rd period - James Neal is hit by Chad Larose and loses puck.
16:12 of 3rd period - Icing by James Neal.
16:13 of 3rd period - Mike Fisher wins face-off versus Riley Cote in Sabres zone.
16:38 of 3rd period - Sean Zimmerman is hit by Sami Lepisto and loses puck.
17:47 of 3rd period - Marian Gaborik is hit by Boyd Devereaux and loses puck.
18:50 of 3rd period - Minor Penalty to Boyd Devereaux for Slashing.
18:51 of 3rd period - Tim Connolly wins face-off versus Dominic Moore in Sabres zone.
18:59 of 3rd period - Icing by Brenden Morrow.
19:00 of 3rd period - Tim Connolly wins face-off versus Dominic Moore in Coyotes zone.
19:13 of 3rd period - Snap shot by Brenden Morrow.
19:13 of 3rd period - Stopped by Ty Conklin without a rebound.
19:14 of 3rd period - Dominic Moore wins face-off versus Tim Connolly in Sabres zone.
Output by the SimonT Hockey Simulator (STHS) for François Prévost -- Original Page W3C XHTML 1.0 Valid